Map: [ESL] Goldenaura

Players

Future

  • Race: Terran Terran
  • Spawn Location: 5:00

Scarlett - Winner!

  • Race: Zerg Zerg
  • Spawn Location: 12:00

Event: ESL SC2 Masters 2023 Winter (Finals)

VOD

Have the link to the VOD?

Description

Time

  • Played on: Dec. 15, 2023, 5:13 p.m.
  • Length: 29:31

All games in this series

Show
View Real Time Build Order
Export as new Build Order

Future Terran 

Build Orders: Command Center First, Hellion Banshee 

Get SALT Encoding   

  12  0:00  SCV  
  13  0:12  SCV  
  14  0:17  Supply Depot  
  14  0:24  SCV  
  15  0:38  SCV  
  16  0:50  SCV  
  17  0:59  Command Center  
  17  1:02  SCV  
  18  1:14  SCV  
  18  1:16  Barracks  
  19  1:22  Refinery  
  19  1:27  SCV  
  19  1:29  Refinery  
  20  1:39  SCV  
  21  1:51  SCV  
  22  2:03  Orbital Command, Marine  
  23  2:09  Factory  
  23  2:13  Orbital Command  
  23  2:21  Barracks Reactor  
  23  2:29  SCV  
  24  2:39  SCV  
  24  2:41  SCV  
  26  2:50  Supply Depot  
  26  2:51  SCV  
  26  2:53  SCV  
  28  3:02  Hellion x2  
  28  3:04  SCV  
  28  3:05  SCV, Starport  
  34  3:06  Barracks Tech Lab  
  34  3:14  Supply Depot  
  34  3:16  SCV  
  34  3:17  SCV  
  36  3:23  Hellion  
  36  3:24  Hellion  
  40  3:28  SCV  
  40  3:29  Barracks Tech Lab, SCV  
  42  3:37  Supply Depot  
  42  3:40  SCV  
  43  3:41  SCV  
  43  3:47  Banshee, Cloaking Field  
  47  3:49  Stimpack, Marine  
  47  3:51  Hellion  
  47  3:52  Hellion  
  47  3:54  SCV  
  47  3:55  SCV  
  54  4:00  Supply Depot  
  54  4:06  SCV  
  54  4:07  SCV  
  56  4:13  Hellion  
  56  4:14  Hellion  
  60  4:18  SCV  
  60  4:19  SCV  
  60  4:23  Command Center  
  62  4:28  Supply Depot  
  62  4:30  SCV  
  62  4:31  Banshee, SCV  
  69  4:45  SCV x2  
  69  4:46  Barracks  
  69  4:51  Barracks, Factory Reactor  
  69  4:52  Engineering Bay x2  
  69  4:53  Marine  
  69  4:59  SCV  
  72  5:00  SCV  
  72  5:01  Refinery  
  72  5:02  Refinery  
  72  5:11  SCV, Marine  
  72  5:12  SCV  
  75  5:19  Barracks  
  75  5:20  Barracks  
  75  5:24  SCV x2  
  75  5:25  Starport Reactor  
  75  5:28  Terran Infantry Weapons Level 1, Terran Infantry Armor Level 1  
  77  5:31  Marine  
  77  5:32  Combat Shield  
  78  5:36  Marine x2, SCV x2  
  82  5:43  Siege Tank  
  82  5:48  SCV x2  
  82  5:49  Marine x2  
  89  5:51  Supply Depot  
  89  5:52  Supply Depot  
  89  5:54  Marine  
  87  6:00  SCV x2  
  87  6:04  Orbital Command  
  87  6:05  Marine x2  
  87  6:08  Marine  
  87  6:09  Marine  
  87  6:10  Barracks Reactor x2  
  91  6:12  SCV x2  
  91  6:14  Medivac  
  91  6:15  Siege Tank, Medivac  
  100  6:23  Marine  
  100  6:24  Supply Depot x2, SCV x2  
  103  6:29  SCV  
  103  6:31  Armory  
  104  6:32  Marine  
  104  6:33  Marine, Marauder  
  104  6:36  SCV x2, Marine  
  111  6:42  SCV  
  111  6:43  Supply Depot  
  111  6:44  Refinery  
  111  6:45  Refinery  
  110  6:48  Siege Tank  
  110  6:51  Marine x3  
  110  6:52  Marine  
  110  6:53  Marine x2  
  119  6:54  Marauder  
  119  6:59  SCV x3  
  119  7:00  Marine  
  125  7:02  Concussive Shells  
  125  7:10  Marine x2  
  125  7:11  Marine  
  125  7:15  Supply Depot  
  130  7:16  Supply Depot, Marauder  
  130  7:21  Siege Tank  
  133  7:23  Medivac x2  
  133  7:26  Supply Depot x2, Marine x2  
  133  7:27  Marine  
  140  7:33  Terran Infantry Weapons Level 2  
  140  7:35  Marine  
  140  7:36  Terran Infantry Armor Level 2, Marine x2  
  142  7:41  Marine  
  142  7:42  Marine, Marauder  
  146  7:45  Marine  
  146  7:48  Terran Vehicle Weapons Level 1  
  146  7:50  Supply Depot  
  147  7:52  Supply Depot  
  147  7:53  Siege Tank  
  150  8:00  Marine x3  
  150  8:01  Marine  
  150  8:03  Marauder  
  153  8:13  Command Center  
  153  8:14  Medivac x2  
  157  8:23  Marine  
  157  8:24  Marauder, Marine x2  
  157  8:25  Barracks  
  157  8:26  Marine  
  157  8:27  Barracks  
  156  8:28  Siege Tank  
  156  8:32  Marine  
  156  8:34  Marine x2  
  159  8:38  Marine  
  152  8:42  Marine x2  
  152  8:46  Marauder  
  156  8:49  Marine  
  156  8:51  Marine  
  156  8:54  Barracks  
  158  8:56  Marine  
  158  8:57  Marine x3  
  158  8:59  Marine  
  158  9:00  Siege Tank  
  158  9:02  Marine  
  166  9:06  Marine  
  161  9:11  Medivac x2  
  161  9:13  Marine  
  161  9:14  Barracks Tech Lab x2, Marauder  
  165  9:19  Marine  
  165  9:20  Marine  
  165  9:24  Marine x5  
  142  9:31  Marine  
  147  9:32  Marine  
  147  9:33  Siege Tank  
  147  9:34  Marine  
  147  9:35  Marauder  
  147  9:37  Marine  
  147  9:38  Marine  
  157  9:41  Marine, Medivac x2  
  158  9:46  Marine x5  
  158  9:49  Marine  
  158  9:50  Marauder  
  158  9:51  Marine  
  154  9:55  Marine x2  
  154  9:56  Marine  
  154  9:59  Marine  
  141  10:04  Marine x5  
  141  10:05  Siege Tank  
  141  10:07  Marine  
  136  10:10  Marauder  
  136  10:11  Marine  
  136  10:12  Marine  
  136  10:13  Marine  
  136  10:14  Marine  
  133  10:15  Medivac x2  
  133  10:17  Marine  
  133  10:19  Planetary Fortress  
  137  10:22  Marine x3  
  137  10:24  Marine  
  141  10:29  Barracks Tech Lab, Marauder  
  141  10:31  Marauder  
  141  10:32  Marine  
  146  10:38  Marauder  
  146  10:39  Terran Infantry Weapons Level 3  
  148  10:42  Terran Infantry Armor Level 3  
  148  10:49  Siege Tank  
  151  10:50  Marauder  
  148  11:00  Marine x2, Marauder x3  
  148  11:02  Marine x2  
  148  11:03  Marine x2  
  157  11:07  Missile Turret, SCV  
  157  11:08  SCV x3  
  161  11:12  Missile Turret, Marauder  
  161  11:16  Sensor Tower, Marine  
  161  11:18  Sensor Tower  
  164  11:21  Siege Tank  
  169  11:31  Marauder  
  169  11:32  Marauder  
  171  11:34  Marauder  
  171  11:37  Marauder, Marine x2  
  171  11:39  Medivac x2  
  180  11:42  Marine  
  180  11:43  Marine x2  
  180  11:44  Marine x2  
  185  11:49  Marine  
  185  11:53  Marauder x2  
  188  11:55  Marauder, Marine  
  188  11:57  Marine  
  188  11:58  Siege Tank  
  193  12:04  Marauder  
  193  12:05  Marine x2  
  197  12:13  Command Center  
  197  12:14  Marauder x2  
  198  12:22  Marine x2, Marauder  
  197  12:24  Marine x2  
  197  12:25  Marauder  
  197  12:27  Marine  
  186  12:30  Siege Tank  
  186  12:36  Marauder x2  
  184  12:37  Marine x2  
  184  12:42  Marine  
  184  12:43  Marauder  
  184  12:44  Liberator x2, Ghost Academy  
  188  12:47  Marauder  
  182  12:57  Marine, Marauder x2  
  177  13:02  Siege Tank  
  177  13:03  Marine x2  
  177  13:04  Marauder  
  178  13:06  Marine  
  178  13:08  SCV, Marauder  
  178  13:09  SCV  
  176  13:14  Marine x2  
  176  13:17  Marine  
  176  13:18  Marauder x2  
  162  13:20  Marine  
  162  13:21  Marine  
  162  13:26  Marauder  
  152  13:29  Marauder  
  152  13:32  Marine  
  152  13:34  Siege Tank, Marine x2  
  152  13:35  Liberator x2  
  152  13:39  Ghost  
  152  13:40  Marauder  
  167  13:44  Missile Turret  
  167  13:46  Ghost  
  167  13:47  Marine  
  167  13:48  Marine x2  
  170  13:50  Ghost  
  172  13:57  Marine  
  172  14:00  Planetary Fortress, Ghost  
  175  14:08  Ghost  
  177  14:15  Ghost  
  178  14:18  Ghost  
  178  14:22  Marine x2  
  178  14:23  Marine  
  183  14:29  Command Center, Ghost  
  184  14:33  Siege Tank  
  184  14:36  Ghost  
  189  14:44  Marauder  
  180  14:48  Marauder  
  180  14:49  Marine x2  
  180  14:50  Liberator, Marine x6  
  161  14:58  Marauder  
  156  15:05  Siege Tank, Ghost, Marauder  
  156  15:06  Marine  
  164  15:07  Marine  
  164  15:08  Ghost  
  167  15:19  Marine  
  167  15:20  Marine x5, Marauder  
  172  15:24  Marine  
  172  15:25  Marine  
  172  15:27  Marauder  
  158  15:34  Marauder  
  155  15:37  Siege Tank, Marine x6  
  155  15:38  Marauder  
  155  15:39  Medivac x2  
  155  15:41  Marauder  
  155  15:42  Marine  
  169  15:43  Marine  
  169  15:48  Marauder  
  153  15:55  Marauder, Marine x6  
  145  15:59  Marauder  
  145  16:00  Marine  
  145  16:01  Marine  
  145  16:02  Marauder  
  149  16:09  Siege Tank, Marine  
  141  16:12  Medivac x2  
  141  16:13  Marine x6  
  141  16:17  Marauder  
  141  16:18  Marine x2  
  151  16:21  Marauder  
  151  16:24  Missile Turret, Marauder  
  156  16:27  Marauder  
  156  16:31  Marine x3  
  156  16:32  Sensor Tower, Marine  
  161  16:38  Marauder  
  161  16:39  Reaper, Marine  
  166  16:41  Siege Tank  
  166  16:42  Marauder  
  166  16:45  Marauder  
  173  16:49  Marine, Marauder, Medivac x2, Refinery  
  173  16:51  Refinery  
  180  16:57  Planetary Fortress  
  180  17:00  Marauder  
  182  17:02  Marine x2  
  182  17:03  Marauder  
  182  17:04  Marine  
  182  17:05  Marine  
  182  17:06  Marauder  
  187  17:10  Marauder  
  187  17:12  Marine x2  
  186  17:18  Liberator  
  186  17:21  Marauder  
  191  17:25  Liberator  
  191  17:26  Marine x3  
  191  17:28  Marine  
  198  17:40  Marauder  
  198  17:43  Marine  
  195  18:00  Siege Tank  
  195  18:05  Medivac  
  200  18:09  Command Center  
  200  18:16  Command Center  
  200  18:18  Command Center  
  200  18:54  Starport  
  191  18:59  Siege Tank  
  191  19:02  Marauder, Marine  
  194  19:03  Marauder  
  194  19:05  Marine x2  
  194  19:07  Liberator  
  200  19:15  Liberator  
  200  19:16  Marauder, Marine  
  200  19:17  Marine x4, Marauder  
  195  19:20  Marine  
  195  19:23  Marine  
  195  19:24  Marauder x2  
  159  19:26  Marine  
  143  19:31  Siege Tank  
  143  19:34  Marine  
  143  19:35  Marine  
  143  19:37  Orbital Command x2  
  143  19:38  Marauder x2  
  149  19:39  Marine x4  
  149  19:41  Starport Reactor  
  149  19:45  Marauder x2  
  157  19:50  Liberator, Marine  
  161  19:56  Terran Vehicle Weapons Level 2  
  161  19:58  Liberator  
  161  19:59  Marauder x2, Marine x7  
  171  20:03  Siege Tank  
  171  20:06  Marauder  
  182  20:07  Marauder  
  182  20:08  Marine  
  180  20:17  Marine x7  
  180  20:21  Marauder x2  
  181  20:23  Liberator  
  181  20:24  Liberator  
  181  20:26  Marine  
  181  20:28  Marauder x2  
  177  20:31  Planetary Fortress  
  177  20:33  Liberator, Refinery x2  
  177  20:34  Marine  
  177  20:35  Marine  
  176  20:40  Marine x2  
  176  20:42  Siege Tank, Marauder x2  
  185  20:48  Marine x3  
  185  20:49  Marauder x2, Marine  
  193  20:52  Marine  
  194  20:57  Marine  
  194  21:01  Marine  
  194  21:03  Marauder  
  194  21:04  Marauder  
  192  21:10  Ghost, Missile Turret  
  192  21:11  Marauder  
  196  21:12  Marine x3  
  196  21:14  Marine  
  200  21:24  Siege Tank, Ghost  
  196  21:34  Liberator  
  198  21:44  Liberator x2  
  195  21:48  Marauder  
  195  21:49  Marine x3  
  200  22:05  Ghost  
  200  22:07  Marine x10  
  194  22:22  Marauder  
  194  22:25  Marine x6  
  198  22:30  Marauder  
  198  22:33  Marine x3  
  198  22:34  Marine  
  196  22:42  Marine  
  196  22:43  Command Center, Marine x3  
  200  22:55  Marauder  
  200  22:56  Siege Tank, Marauder  
  200  22:57  Marauder  
  171  22:59  Liberator, Marauder, Marine  
  143  23:06  Marine x3  
  143  23:07  Marine x2  
  143  23:08  Marine  
  131  23:16  Marauder, Marine  
  131  23:17  Marauder  
  131  23:19  Marine, Marauder  
  129  23:20  Marauder  
  129  23:24  Marine x4  
  129  23:25  Marine  
  133  23:27  Medivac x2  
  133  23:28  Siege Tank, Marine  
  133  23:33  Medivac  
  143  23:34  Marine  
  143  23:37  Marine  
  143  23:38  Marauder  
  143  23:39  Marauder  
  143  23:40  Marauder  
  148  23:42  Marauder, Marine x3  
  148  23:43  Marine  
  148  23:44  Marine  
  148  23:46  Marine  
  156  23:52  Marine  
  156  23:57  Marine  
  156  23:59  Marine, Marauder  
  156  24:00  Marauder, Marine  
  156  24:01  Marauder  
  163  24:03  Marauder  
  163  24:06  Marine  
  163  24:08  Marine x2  
  167  24:10  Siege Tank  
  167  24:11  Orbital Command  
  167  24:16  Marine  
  148  24:17  Marine  
  148  24:20  Marauder  
  148  24:21  Marauder, Marine  
  148  24:22  Marine  
  148  24:23  Marine, Marauder  
  139  24:25  Marauder  
  139  24:29  Marine  
  142  24:35  Marine  
  142  24:36  Marine x3  
  142  24:38  Medivac x3  
  150  24:39  Marine x2  
  150  24:41  Marine  
  150  24:42  Marauder  
  150  24:43  Medivac, Marauder  
  150  24:44  Marine  
  160  24:45  Marine  
  160  24:46  Marine  
  162  24:53  Marine x2  
  162  24:54  Marine x2  
  162  24:57  Marine x2  
  168  25:02  Marauder  
  168  25:03  Marauder  
  168  25:04  Marauder x2  
  176  25:07  Siege Tank  
  179  25:14  Marine  
  180  25:23  Marauder  
  180  25:25  Marauder x2  
  180  25:26  Marauder  
  185  25:35  Marine  
  182  25:45  Missile Turret, Marauder  
  182  25:46  Marauder x2  
  182  25:47  Marauder  
  182  25:49  Marine x4  
  193  25:50  Marine x2  
  193  25:51  Marine  
  197  25:57  Orbital Command  
  197  26:01  Marine  
  198  26:06  Marauder  
  198  26:07  Marine  
  196  26:14  Marine x2  
  195  26:20  Marauder  
  195  26:23  Marine x5, Marauder x2  
  195  26:25  Marine  
  164  26:28  Marauder  
  164  26:32  Marine x2  
  132  26:41  Marine x4  
  132  26:42  Marauder  
  132  26:44  Marauder  
  132  26:45  Marauder  
  125  26:48  Marine  
  125  26:49  Marauder  
  121  26:54  Marine  
  121  26:56  Marine  
  121  26:58  Marine  
  109  27:03  Orbital Command, Marauder, Marine  
  109  27:04  Marine  
  109  27:06  Marauder x2  
  117  27:10  Marauder  
  117  27:13  Marine  
  117  27:14  Marine  
  117  27:15  Marine x2  
  106  27:20  Marine  
  106  27:21  Liberator  
  106  27:22  Liberator  
  111  27:24  Liberator  
  111  27:25  Marauder  
  111  27:27  Marauder x2  
  120  27:32  Missile Turret, Marauder  
  119  27:41  Marine  
  119  27:42  Marine x7  
  101  27:46  Marauder  
  101  27:49  Marauder x2  
  87  27:53  Marauder  
  87  27:55  Liberator  
  90  27:59  Marine x3  
  90  28:01  Marine x2  
  95  28:11  Marine  
  96  28:27  Marine  
  97  28:35  Marine  
  97  28:40  Medivac  
  93  28:51  Marine  
  93  29:05  Marauder, Marine  
  93  29:06  Marine  
Show
View Real Time Build Order
Export as new Build Order

Scarlett Zerg - Winner!

Build Orders: Hatch First 

Get SALT Encoding   

  12  0:00  Drone  
  13  0:13  Overlord  
  13  0:16  Drone  
  14  0:31  Drone x2  
  16  0:47  Hatchery  
  15  0:50  Drone  
  15  0:54  Drone  
  17  0:58  Drone  
  18  1:08  Extractor  
  17  1:13  Spawning Pool  
  17  1:16  Drone  
  17  1:19  Drone  
  18  1:30  Drone  
  19  1:40  Drone  
  20  1:50  Drone  
  21  1:59  Queen x2  
  25  2:03  Drone x2  
  27  2:10  Zergling x2  
  27  2:11  Overlord  
  28  2:23  Hatchery  
  28  2:26  Drone  
  28  2:30  Drone  
  28  2:31  Drone  
  28  2:34  Drone  
  31  2:37  Queen  
  31  2:42  Metabolic Boost  
  33  2:46  Overlord  
  33  2:50  Drone  
  34  2:56  Drone x2  
  36  3:08  Drone x7  
  36  3:11  Overlord  
  43  3:17  Drone  
  43  3:19  Overlord  
  44  3:29  Queen x2  
  44  3:32  Drone x2  
  50  3:43  Drone x5  
  55  3:48  Queen  
  55  3:49  Overlord  
  55  3:50  Drone x2  
  59  3:56  Roach Warren  
  59  3:59  Overlord  
  59  4:00  Drone  
  59  4:03  Drone x2  
  59  4:06  Zergling x4  
  62  4:11  Queen  
  62  4:13  Zergling x4  
  62  4:15  Queen  
  68  4:18  Overlord  
  68  4:27  Queen  
  68  4:30  Drone x7  
  77  4:38  Roach  
  79  4:41  Spore Crawler, Roach x4  
  86  4:46  Spore Crawler x2, Roach  
  86  4:53  Queen  
  86  4:54  Overlord  
  86  4:56  Drone  
  86  4:57  Extractor  
  86  4:58  Overlord  
  88  5:00  Extractor x2  
  88  5:02  Overlord  
  88  5:03  Drone x3  
  89  5:10  Lair  
  89  5:14  Hatchery  
  89  5:18  Drone x4  
  92  5:24  Hatchery  
  92  5:26  Drone x6  
  98  5:30  Overlord  
  98  5:36  Drone x4  
  98  5:39  Evolution Chamber  
  98  5:40  Evolution Chamber  
  98  5:42  Extractor  
  98  5:43  Drone x5  
  98  5:46  Overlord  
  98  5:47  Extractor  
  102  5:50  Drone  
  102  5:51  Drone  
  102  5:56  Drone  
  101  6:05  Drone x5  
  101  6:09  Glial Reconstitution  
  101  6:10  Overlord  
  101  6:11  Zerg Missile Weapons Level 1, Zerg Ground Armor Level 1  
  106  6:16  Drone x3  
  106  6:17  Overlord  
  109  6:19  Roach x2  
  109  6:24  Roach x3  
  119  6:28  Infestation Pit  
  118  6:35  Drone x3  
  121  6:43  Drone x6  
  127  6:50  Overlord x2  
  127  6:51  Roach x6  
  139  7:02  Overlord x2  
  139  7:07  Roach  
  139  7:08  Roach, Overlord x2  
  143  7:10  Infestor x3  
  143  7:11  Ravager x3  
  143  7:14  Extractor x2  
  150  7:17  Drone x3  
  150  7:19  Drone x3  
  156  7:31  Ravager  
  157  7:41  Hive  
  157  7:45  Hatchery  
  157  7:46  Baneling Nest, Roach x9, Hatchery  
  157  7:50  Overlord x2  
  172  7:57  Overseer  
  172  8:00  Hatchery  
  171  8:13  Drone x2  
  171  8:15  Zerg Missile Weapons Level 2, Zerg Ground Armor Level 2  
  173  8:24  Zergling x26, Roach x9  
  173  8:25  Spore Crawler  
  198  8:31  Ravager x2  
  198  8:32  Overlord  
  200  9:02  Adrenal Glands  
  198  9:03  Hatchery  
  198  9:04  Ultralisk Cavern  
  177  9:21  Zergling x22, Roach x15  
  172  9:26  Roach x6  
  182  9:34  Ravager  
  182  9:35  Ravager  
  182  9:37  Zergling x20  
  194  9:41  Centrifugal Hooks  
  193  9:51  Roach x12  
  184  9:58  Roach x4  
  162  10:02  Roach x7  
  163  10:07  Roach x6  
  163  10:09  Roach x2  
  163  10:13  Roach  
  167  10:16  Roach x2  
  167  10:20  Chitinous Plating  
  158  10:25  Ravager x3  
  157  10:30  Ravager x3  
  157  10:31  Drone x4  
  164  10:36  Ravager x2  
  164  10:37  Zergling x24  
  178  10:50  Drone x6  
  178  10:51  Roach  
  178  10:52  Roach x5  
  192  11:04  Viper x2  
  192  11:10  Hatchery  
  197  11:14  Zerg Ground Armor Level 3  
  197  11:33  Hatchery  
  197  11:39  Anabolic Synthesis  
  190  11:46  Zergling x6, Ultralisk  
  193  12:01  Infestor x3  
  193  12:08  Baneling x10  
  195  12:19  Hatchery  
  195  12:29  Zergling x4, Ultralisk x3  
  200  12:36  Ravager  
  198  12:43  Zergling x2  
  198  12:44  Zergling x2  
  186  12:53  Zerg Melee Weapons Level 1  
  181  13:02  Zergling x16, Ultralisk x3  
  199  13:09  Hatchery  
  197  13:18  Zergling x36, Ultralisk  
  198  13:25  Zergling x26  
  194  13:28  Extractor  
  194  13:31  Extractor  
  189  13:34  Ultralisk  
  189  13:35  Zergling x2  
  196  13:44  Hatchery  
  196  13:46  Ravager x4  
  199  13:52  Burrow  
  196  14:13  Baneling x3, Hatchery  
  196  14:14  Baneling x8  
  196  14:16  Hatchery  
  194  14:21  Infestor  
  194  14:22  Zergling x6  
  199  14:27  Spire  
  198  14:34  Baneling x15  
  182  14:47  Zerg Missile Weapons Level 3  
  182  14:51  Zergling x24, Ultralisk x2  
  182  14:52  Zergling x8  
  178  14:59  Ultralisk  
  157  15:08  Zergling x10, Roach x4  
  165  15:22  Zergling x20  
  165  15:25  Roach, Ultralisk x3  
  168  15:30  Zergling x2  
  168  15:31  Zergling x8, Ultralisk  
  170  15:38  Ultralisk  
  164  15:49  Zergling x32, Ultralisk  
  168  15:57  Roach x2  
  168  15:58  Roach x4  
  168  16:03  Roach x7  
  179  16:11  Hatchery  
  177  16:18  Extractor, Ravager x5  
  177  16:19  Drone  
  177  16:20  Drone x5, Extractor  
  177  16:21  Ravager  
  177  16:22  Zergling x18  
  197  16:26  Extractor  
  197  16:27  Drone  
  197  16:31  Ravager x3  
  197  16:45  Zergling x6  
  199  16:55  Pneumatized Carapace, Overseer x3  
  199  16:58  Greater Spire  
  199  16:59  Zerg Melee Weapons Level 2  
  193  17:37  Baneling x4  
  193  17:40  Hatchery  
  191  17:45  Baneling x4  
  191  17:46  Ravager x7  
  182  18:08  Ultralisk x2  
  177  18:45  Zergling x8, Ultralisk x3  
  191  19:10  Zergling x20  
  188  19:19  Hatchery  
  188  19:20  Drone x13  
  188  19:22  Zergling x24, Ultralisk x4  
  180  19:28  Ultralisk x2  
  180  19:34  Baneling  
  180  19:35  Baneling x9  
  180  19:36  Infestor, Hatchery  
  180  19:37  Infestor  
  183  19:47  Queen  
  183  19:48  Queen  
  183  19:49  Baneling x8  
  187  19:55  Infestor x3  
  175  20:48  Zerg Melee Weapons Level 3  
  169  20:51  Zergling x2  
  169  20:52  Zergling x22  
  181  20:58  Spore Crawler  
  181  21:02  Hatchery  
  179  21:05  Corruptor x5  
  179  21:07  Zerg Flyer Weapons Level 1  
  178  21:26  Spore Crawler  
  178  21:29  Extractor  
  176  21:35  Extractor x2  
  176  21:37  Drone x4  
  177  21:44  Infestor, Corruptor x3  
  174  21:58  Ultralisk  
  179  22:05  Ultralisk x4  
  193  22:22  Infestor x3  
  188  22:25  Zergling x38, Ultralisk  
  195  22:50  Infestor x2  
  164  23:02  Zergling x28, Ultralisk x3  
  163  23:12  Zergling x14  
  140  23:26  Infestor x2  
  144  23:40  Drone x8  
  144  23:41  Drone x2  
  134  23:49  Hatchery  
  132  24:01  Hatchery  
  122  24:07  Infestor  
  114  24:11  Roach x3  
  118  24:22  Drone x2  
  118  24:23  Drone x5  
  118  24:24  Drone  
  126  24:28  Roach  
  126  24:29  Roach x2  
  132  24:41  Ravager x3  
  133  24:51  Hatchery  
  132  24:58  Drone x4  
  132  24:59  Drone  
  138  25:00  Drone x4  
  137  25:23  Infestor  
  137  25:24  Infestor x2  
  139  25:40  Infestor  
  137  25:43  Drone x2  
  137  25:48  Ultralisk x2  
  137  25:49  Zergling x2  
  157  25:50  Zergling x14, Infestor x3  
  153  26:15  Infestor  
  132  26:29  Zergling x28, Ultralisk x2  
  144  26:44  Zergling x14  
  121  27:00  Zergling x18, Infestor x3  
  109  27:22  Zergling x26  
  117  27:23  Baneling  
  117  27:24  Baneling  
  117  27:25  Baneling  
  103  27:47  Ultralisk x2  
  114  27:57  Hatchery  
  113  28:21  Zergling x4, Ultralisk  
  113  28:24  Extractor x2  
  113  28:27  Zergling x18  
  125  28:52  Zergling x14  
  125  28:55  Baneling x4  
Tags
 
Add a new tag
Caveats
  • Supply blocks, unpowered buildings, or Contaminate may cause inaccurate times.
  • Supply counts are checked every 10 seconds.